 Dungeon Crawl Stone Soup version 0.31.0-12-g77e489cdc1 (webtiles) character file.

Game seed: 13222331737071823991

15173 monsoonserge the Grappler (level 12, -2/92 HPs)
             Began as a Gnoll Shapeshifter on Mar 1, 2024.
             Was an Initiate of Gozag.
             Slain by a komodo dragon (18 damage)
             ... on level 1 of the Lair of Beasts.
             The game lasted 00:52:09 (16180 turns).

monsoonserge the Grappler (Gnoll Shapeshifter)     Turns: 16180, Time: 00:52:10

Health: -2/92      AC:  8    Str: 23    XL:     12   Next: 24%
Magic:  20/23      EV: 19    Int: 11    God:    Gozag
Gold:   759        SH:  0    Dex: 12    Spells: 16/25 levels left

rFire   . .          .
                       - Unarmed
rCold   . . .        (shield currently unavailable)
rNeg    . . .        C - melded +0 plate armour
rPois   .            G - +1 hat
rElec   .            k - +0 cloak "Laijueda" {rCorr}
rCorr   +            W - +0 pair of gloves
SInv    .            Z - +0 pair of boots
Will    .....        Y - amulet of the acrobat
Stlth   +            O - +6 ring of strength
HPRegen 0.35/turn    B - +4 ring of protection
MPRegen 0.18/turn

%: acrobat
@: confused, flux-form, glowing
A: glow, contaminating, fangs 1, strong nose, distributed training
a: Begin Untransformation, Renounce Religion, Potion Petition, Call Merchant,
Bribe Branch


You were on level 1 of the Lair of Beasts.
You worshipped Gozag.
Gozag was pleased with you.
You were something dangerously unstable.
You visited 3 branches of the dungeon, and saw 13 of its levels.
You also visited: Ossuary.

You collected 2794 gold pieces.
You spent 944 gold pieces at shops.
You paid 1091 gold pieces to Gozag.

Inventory:

Hand Weapons
 R - a +1 demon whip of venom
Missiles
 e - 10 poisoned darts (quivered)
 q - 5 throwing nets
 v - 4 datura-tipped darts
 x - 5 javelins
 K - 10 boomerangs
Armour
 a - the +2 leather armour of Foolhardiness {rF+ Int+3}
   (You took it off an orc on level 8 of the Dungeon)

   Int+3:     It affects your intelligence (+3).
   rF+:       It protects you from fire.
 b - a +2 robe of positive energy
 k - the +0 cloak "Laijueda" (worn) {rCorr}
   (You found it on level 1 of the Lair of Beasts)

   rCorr:     It protects you from acid and corrosion.
 y - a +0 chain mail
 C - a +0 plate armour (melded)
 G - a +1 hat (worn)
 W - a +0 pair of gloves (worn)
 Z - a +0 pair of boots (worn)
Jewellery
 A - a ring of resist corrosion
 B - a +4 ring of protection (right hand)
 N - a +5 ring of evasion
 O - a +6 ring of strength (left hand)
 P - a +4 ring of protection
 X - a ring of positive energy
 Y - an amulet of the acrobat (around neck)
Talismans
 c - a beast talisman
 d - a flux talisman (active)
 E - a maw talisman
Wands
 g - a wand of polymorph (17)
 n - a wand of mindburst (6)
 r - a wand of flame (31)
 T - a wand of roots (3)
Scrolls
 h - 4 scrolls of fog
 i - 2 scrolls of enchant weapon {unknown}
 l - a scroll of blinking
 o - 5 scrolls of teleportation
 t - a scroll of brand weapon {unknown}
 u - 2 scrolls of immolation
 w - 4 scrolls of enchant armour
 D - 2 scrolls of poison
 H - a scroll of torment {unknown}
 I - 3 scrolls of revelation
 L - 3 scrolls of fear {unknown}
 M - 4 scrolls of amnesia {unknown}
 Q - a scroll of vulnerability {unknown}
 V - 2 scrolls of silence {unknown}
Potions
 f - 5 potions of haste
 j - 2 potions of ambrosia
 m - 2 potions of attraction
 p - 8 potions of curing
 s - a potion of berserk rage {unknown}
 z - 5 potions of enlightenment {unknown}
 F - 2 potions of mutation
 J - a potion of heal wounds
 U - 2 potions of resistance
Miscellaneous
 S - a phantom mirror


   Skills:
 + Level 7.8 Fighting
 + Level 7.3 Short Blades
 + Level 7.3 Long Blades
 + Level 7.3 Axes
 + Level 7.3 Maces & Flails
 + Level 7.3 Polearms
 + Level 7.3 Staves
 + Level 7.3 Ranged Weapons
 + Level 7.3 Throwing
 + Level 7.3 Armour
 + Level 8.7 Dodging
 + Level 7.3 Stealth
 + Level 7.3 Shields
 + Level 9.9 Unarmed Combat
 + Level 7.3 Spellcasting
 + Level 6.1 Conjurations
 + Level 6.1 Hexes
 + Level 6.1 Summonings
 + Level 6.1 Necromancy
 + Level 6.1 Translocations
 + Level 6.1 Fire Magic
 + Level 6.1 Ice Magic
 + Level 6.1 Air Magic
 + Level 6.1 Earth Magic
 + Level 6.1 Alchemy
 + Level 8.1 Invocations
 + Level 7.3 Evocations
 + Level 9.4 Shapeshifting


You had 16 spell levels left.
You knew the following spells:

 Your Spells              Type           Power      Damage    Failure   Level
a - Fugue of the Fallen   Necr           17%        N/A       4%          3
b - Mephitic Cloud        Conj/Alch/Air  17%        N/A       4%          3
c - Ozocubu's Armour      Ice            17%        N/A       4%          3

Your spell library contained the following spells:

 Spells                   Type           Power      Damage    Failure   Level
 Freeze                   Ice            68%        1d8       1%          1
 Necrotise                Necr           68%        1d7       1%          1
 Lesser Beckoning         Tloc           34%        N/A       1%          2
 Static Discharge         Conj/Air       34%        3-5/arc   1%          2
 Frozen Ramparts          Ice            34%        1d6       4%          3
 Gell's Gravitas          Tloc           17%        N/A       4%          3
 Hailstorm                Conj/Ice       17%        3d6       4%          3
 Summon Ice Beast         Ice/Summ       17%        N/A       4%          3
 Teleport Other           Tloc           17%        N/A       4%          3
 Vampiric Draining        Necr           17%        2d7       4%          3
 Airstrike                Air            8%         2d(2-18)  14%         4
 Animate Armour           Summ/Erth      34%        N/A       14%         4
 Ignite Poison            Fire/Alch      17%        N/A       14%         4
 Manifold Assault         Tloc           17%        N/A       14%         4
 Martyr's Knell           Necr/Summ      17%        N/A       14%         4
 Sticky Flame             Fire/Alch      17%        2d5       14%         4
 Summon Blazeheart Golem  Fire/Summ      17%        N/A       14%         4
 Summon Lightning Spire   Summ/Air       17%        N/A       14%         4
 Curse of Agony           Necr           17%        N/A       36%         5
 Bombard                  Conj/Erth      8%         9d2       91%         6
 Dispersal                Tloc           8%         N/A       91%         6
 Sculpt Simulacrum        Ice/Alch       8%         N/A       91%         6
 Orb of Destruction       Conj           8%         9d6       100%        7
 Spellforged Servitor     Conj/Summ      8%         N/A       100%        7


Dungeon Overview and Level Annotations

Branches:
Dungeon (11/15)            Temple (1/1) D:6            Lair (1/5) D:11
Ossuary (visited)
    Orc: D:9-12

Altars:
Ashenzari
Cheibriados
Dithmenos
Elyvilon
Fedhas
Gozag
Hepliaklqana
Kikubaaqudgha
Makhleb
Nemelex Xobeh
Okawaru
Qazlal
Ru
Sif Muna
Trog
Uskayaw
Vehumet
Wu Jian
Xom
Yredelemnul
Zin
The Shining One

Shops:
D:1 [   D:2 !   D:4 ?   D:10 ?

Annotations:
D:8 3 runed translucent doors, BobbyRooster's ghost, novice HOBe
Lair:1 2 transporters, jasper's ghost, journeyman DEAl


Innate Abilities, Weirdness & Mutations

You are something dangerously unstable.
You glow with magical radiation, making you easy to see and hit.
Foes you strike become dangerously contaminated with magical radiation.
You are incapable of wielding weapons or throwing items.
You have very sharp teeth.
Your uncanny sense of smell can sniff out nearby items.
Your experience applies equally to all skills.


Message History

The wolf closely misses you.
You hit the wolf.
The wolf begins to glow.
Your bite misses the wolf.
The wolf is lightly wounded.
The wolf misses you.
You completely miss the komodo dragon. You punch the komodo dragon!
The komodo dragon begins to glow.
You bite the komodo dragon, but do no damage.
The komodo dragon is moderately wounded.
The komodo dragon bites you!!
* * * LOW HITPOINT WARNING * * *
You hit the komodo dragon.
The komodo dragon glows dangerously bright.
You bite the komodo dragon, but do no damage.
The komodo dragon is moderately wounded.
The komodo dragon bites you!
* * * LOW HITPOINT WARNING * * *
You feel much better. The komodo dragon barely misses you.
Okay, then.
You hit the komodo dragon but do no damage.
The komodo dragon shudders as magic cascades through it!
The komodo dragon twists and deforms.
The komodo dragon is heavily wounded.
The komodo dragon bites you!
* * * LOW HITPOINT WARNING * * *
Casting: Fugue of the Fallen (mildly dangerous; 4% risk of failure)
Confirm with . or Enter, or press ? or * to list all spells.
Aiming: Mephitic Cloud (mildly dangerous; 4% risk of failure)
Press: ? - help, Shift-Dir - straight line The ball explodes into a vile cloud!
The stinking cloud engulfs the komodo dragon.
The komodo dragon is heavily wounded.
The stinking cloud engulfs you.
The stinking cloud engulfs the yak.
You are engulfed in noxious fumes.
You choke on the stench!
You are confused.
The yak is engulfed in noxious fumes.
The yak appears confused.
The yak closely misses the komodo dragon.
The komodo dragon is engulfed in noxious fumes.
The komodo dragon bites you!!
You die...
Your body crumbles into a pile of gold.

....................h..# ##.
...................hYY.# #.
.......................# #.
...............##...##.# ### #.
..............##.....#######.###.
..............##.###.##..........
..^...........##hY§#.##......(.P#
..............###l≈.##.........##
..............##p§§.###.........#
..............##..§.##...#####.##
..............##§§§.##.### #.#
..^.(.........##§≈§.##.## #.#
..............##§§.§###.# #.#
..............##.§§§# ### #.#
..............##..≈.. ##.#
.....©........###.≈..# #..#
.#########....## ##.#


You could see a komodo dragon (misshapen) and a yak (confused).

Vanquished Creatures
  A boulder beetle (D:11)
  Maurice (D:10)
  An orange demon (D:8)
  A black mamba (Lair:1)
  2 gargoyles
  Jeremiah (D:6)
  4 cane toads (Lair:1)
  A rime drake (Lair:1)
  An unseen horror (D:8)
  A kobold demonologist (D:10)
  2 komodo dragons (D:11)
  Prince Ribbit (D:6)
  A troll (D:11)
  4 blink frogs (Lair:1)
  17 yaks
  4 vampire mosquitoes (D:10)
  A steam dragon (D:11)
  4 basilisks
  2 acid dragons
  2 water moccasins (Lair:1)
  4 black bears
  5 orc warriors
  2 sky beasts
  2 ogres
  The ghost of tymior the Sneak, an amateur DgDe (D:3)
  3 centaurs
  2 wolves (Lair:1)
  7 bullfrogs
  4 elf zombies (Ossuary)
  A kobold brigand (D:6)
  A gnoll sergeant (D:9)
  5 scorpions
  9 wights
  3 killer bees (D:10)
  A howler monkey (D:8)
  A centaur zombie (Ossuary)
  A bombardier beetle (D:6)
  4 hounds
  3 iron imps (D:9)
  2 jellies
  A human zombie (Ossuary)
  11 orc priests
  3 gnoll boudas
  An iguana (D:4)
  3 sleepcaps
  10 orc wizards
  6 hound zombies (Ossuary)
  2 mummies (Ossuary)
  22 gnolls
  8 adders
  2 shadow imps
  2 white imps
  5 adder zombies (Ossuary)
  2 ribbon worms (D:4)
  2 dart slugs
  47 orcs
  5 ball pythons
  5 endoplasms
  2 giant cockroaches
  7 gnoll zombies (Ossuary)
  6 goblins
  7 hobgoblins
  13 jackals
  14 kobolds
  4 quokkas
  7 bats
  3 frilled lizards
  5 jackal zombies (Ossuary)
  2 kobold zombies (Ossuary)
  6 orc zombies (Ossuary)
  4 rats
330 creatures vanquished.

Vanquished Creatures (collateral kills)
  An orc (D:6)
1 creature vanquished.

Vanquished Creatures (others)
  A komodo dragon (D:8)
1 creature vanquished.

Grand Total: 332 creatures vanquished

Notes
Turn   | Place    | Note
-------+----------+-------------------------------------------
     0 | D:1      | monsoonserge the Gnoll Shapeshifter began the quest for the
                  | Orb.
     0 | D:1      | Reached XP level 1. HP: 17/17 MP: 1/1
   194 | D:1      | Reached XP level 2. HP: 8/23 MP: 2/2
   370 | D:1      | Found Uleinih's Armour Shoppe.
   719 | D:1      | Reached XP level 3. HP: 24/28 MP: 3/3
  1059 | D:2      | Found Jivuasa's Distillery.
  1073 | D:2      | Noticed a scorpion
  1076 | D:2      | Reached skill level 1 in Invocations
  1086 | D:2      | Killed a scorpion
  1087 | D:2      | Reached skill level 1 in Short Blades
  1087 | D:2      | Reached skill level 1 in Long Blades
  1087 | D:2      | Reached skill level 1 in Axes
  1087 | D:2      | Reached skill level 1 in Maces & Flails
  1087 | D:2      | Reached skill level 1 in Polearms
  1087 | D:2      | Reached skill level 1 in Staves
  1087 | D:2      | Reached skill level 1 in Ranged Weapons
  1087 | D:2      | Reached skill level 1 in Throwing
  1087 | D:2      | Reached skill level 1 in Armour
  1087 | D:2      | Reached skill level 1 in Stealth
  1087 | D:2      | Reached skill level 1 in Shields
  1087 | D:2      | Reached skill level 1 in Spellcasting
  1087 | D:2      | Reached skill level 1 in Conjurations
  1087 | D:2      | Reached skill level 1 in Hexes
  1087 | D:2      | Reached skill level 1 in Summonings
  1087 | D:2      | Reached skill level 1 in Necromancy
  1087 | D:2      | Reached skill level 1 in Translocations
  1087 | D:2      | Reached skill level 1 in Fire Magic
  1087 | D:2      | Reached skill level 1 in Ice Magic
  1087 | D:2      | Reached skill level 1 in Air Magic
  1087 | D:2      | Reached skill level 1 in Earth Magic
  1087 | D:2      | Reached skill level 1 in Alchemy
  1087 | D:2      | Reached skill level 1 in Evocations
  1087 | D:2      | Reached XP level 4. HP: 28/34 MP: 5/5
  1302 | D:2      | Reached XP level 5. HP: 40/40 MP: 7/7
  1787 | D:2      | Bought a potion of curing for 30 gold pieces
  1787 | D:2      | Bought a potion of heal wounds for 50 gold pieces
  1787 | D:2      | Bought a potion of degeneration for 10 gold pieces
  2045 | D:3      | Found a runed translucent gate.
  2046 | D:3      | Found a runed translucent gate.
  2047 | D:3      | Found a runed translucent gate.
  2052 | D:3      | Noticed tymior's ghost (amateur DgDe)
  2053 | D:3      | Noticed a sky beast
  2879 | D:4      | Reached XP level 6. HP: 40/47 MP: 8/8
  2902 | D:4      | Reached skill level 5 in Dodging
  3176 | D:4      | Found an opulent altar of Gozag.
  3184 | D:4      | Became a worshipper of Gozag Ym Sagoz the Greedy
  3318 | D:4      | Noticed an orc warrior
  3328 | D:4      | Killed an orc warrior
  3329 | D:4      | Reached XP level 7. HP: 31/52 MP: 10/10
  3482 | D:4      | Found Folitoq's Magic Scroll Shop.
  4098 | D:4      | Bought a scroll of poison for 56 gold pieces
  4098 | D:4      | Bought a scroll of teleportation for 42 gold pieces
  4116 | D:5      | Entered Level 5 of the Dungeon
  4371 | D:2      | Bought a potion of mutation for 80 gold pieces
  4494 | D:5      | Reached XP level 8. HP: 37/60 MP: 12/12
  4958 | D:5      | Found a glowing golden altar of the Shining One.
  4959 | D:5      | Found a shimmering altar of Xom.
  4960 | D:5      | Found a blossoming altar of Fedhas.
  4960 | D:5      | Found a white marble altar of Elyvilon.
  5719 | D:6      | Noticed Prince Ribbit
  5765 | D:6      | Killed Prince Ribbit
  5766 | D:6      | Reached XP level 9. HP: 41/67 MP: 13/15
  6139 | D:6      | Reached skill level 5 in Fighting
  6221 | D:6      | Found a staircase to the Ecumenical Temple.
  6244 | Temple   | Entered the Ecumenical Temple
  6272 | D:6      | Noticed Jeremiah
  6679 | D:3      | Killed tymior's ghost
  6982 | D:6      | Reached skill level 5 in Invocations
  7445 | D:7      | Found a hazy altar of Hepliaklqana.
  7486 | D:7      | Found a sand-covered staircase.
  7491 | Ossuary  | Entered an ossuary
  8983 | D:8      | Reached skill level 5 in Short Blades
  8983 | D:8      | Reached skill level 5 in Long Blades
  8983 | D:8      | Reached skill level 5 in Axes
  8983 | D:8      | Reached skill level 5 in Maces & Flails
  8983 | D:8      | Reached skill level 5 in Polearms
  8983 | D:8      | Reached skill level 5 in Staves
  8983 | D:8      | Reached skill level 5 in Ranged Weapons
  8983 | D:8      | Reached skill level 5 in Throwing
  8983 | D:8      | Reached skill level 5 in Armour
  8983 | D:8      | Reached skill level 5 in Stealth
  8983 | D:8      | Reached skill level 5 in Shields
  8983 | D:8      | Reached skill level 5 in Spellcasting
  8983 | D:8      | Reached skill level 5 in Evocations
  8983 | D:8      | Reached XP level 10. HP: 76/76 MP: 17/17
  9770 | D:8      | Identified the +2 leather armour of Foolhardiness {rF+
                  | Int+3}
 10251 | D:8      | Noticed BobbyRooster's ghost (novice HOBe)
 10253 | D:8      | Found a runed translucent gate.
 10253 | D:8      | Found a runed translucent gate.
 10253 | D:8      | Found a runed translucent gate.
 10298 | D:8      | Noticed an orange demon
 10302 | D:8      | Noticed Amaemon
 10310 | D:8      | Killed an orange demon
 11041 | D:6      | Killed Jeremiah
 11243 | D:8      | Noticed an unseen horror
 11620 | D:8      | Killed an unseen horror
 11707 | D:8      | Amaemon changed into Amaemon the orc
 11707 | D:8      | Noticed Amaemon
 11715 | D:8      | Killed Amaemon the orc
 12205 | D:9      | Reached skill level 5 in Conjurations
 12205 | D:9      | Reached skill level 5 in Hexes
 12205 | D:9      | Reached skill level 5 in Summonings
 12205 | D:9      | Reached skill level 5 in Necromancy
 12205 | D:9      | Reached skill level 5 in Translocations
 12205 | D:9      | Reached skill level 5 in Fire Magic
 12205 | D:9      | Reached skill level 5 in Ice Magic
 12205 | D:9      | Reached skill level 5 in Air Magic
 12205 | D:9      | Reached skill level 5 in Earth Magic
 12205 | D:9      | Reached skill level 5 in Alchemy
 12205 | D:9      | Reached XP level 11. HP: 43/83 MP: 18/20
 12471 | D:9      | Found a burning altar of Makhleb.
 13042 | D:10     | Entered Level 10 of the Dungeon
 13523 | D:10     | Bought a scroll of acquirement for 676 gold pieces
 13528 | D:10     | Learned a level 3 spell: Fugue of the Fallen
 13528 | D:10     | Acquired monsoonserge's Quarto of Grey Degeneration
 13534 | D:10     | Learned a level 3 spell: Mephitic Cloud
 13538 | D:10     | Learned a level 3 spell: Ozocubu's Armour
 13790 | D:10     | Noticed Maurice
 13802 | D:10     | Killed Maurice
 15025 | D:11     | Noticed a boulder beetle
 15048 | D:11     | Killed a boulder beetle
 15562 | D:11     | Found a staircase to the Lair.
 15591 | Lair:1   | Entered Level 1 of the Lair of Beasts
 15591 | Lair:1   | Noticed a boulder beetle
 15591 | Lair:1   | Found a transporter.
 15651 | Lair:1   | Found a transporter.
 15651 | Lair:1   | Noticed jasper's ghost (journeyman DEAl)
 15861 | Lair:1   | Reached XP level 12. HP: 71/91 MP: 22/22
 16046 | Lair:1   | Identified the +0 cloak "Laijueda" {rCorr}
 16177 | Lair:1   | HP: 4/92 [komodo dragon (14)]
 16180 | Lair:1   | Slain by a komodo dragon

Illustrated notes

Levels and vault maps discovered:
D:1:      beargit_arrival_diablo_church, layout_basic, serial_shops, shop,
          chequers_serial_rivers_micro_a
D:2:      layout_loops_ring, serial_shops, nicolae_shop_crystal
D:3:      layout_basic, gammafunk_ghost_split
D:4:      layout_loops_ring, grunt_gozag_statues, serial_library,
          serial_library_regret_index_double_sided,
          serial_library_hellmonk_recessed_alcove,
          serial_library_hellmonk_layered_room,
          serial_library_hellmonk_metal_room, serial_shops, shop,
          minmay_fountain_box, minmay_misc_feat_roman, minivault_5,
          hangedman_decor_opposing
D:5:      layout_loops_ring, mainiacjoe_overflow_alcove_3,
          kennysheep_generic_room_16
D:6:      layout_basic, minmay_temple_entry_large_hall, lexackson_kobold_supper,
          uniq_prince_ribbit1, uniq_jeremiah
D:7:      layout_cave_pods, mainiacjoe_overflow_six_doors_small,
          enter_ossuary_2, grunt_decor_one_mirror
D:8:      layout_basic, gammafunk_ghost_split, uniq_amaemon
D:9:      layout_stronghold, demons_altar, serial_park_tiny_pond
D:10:     layout_basic, nicolae_concentric_dashed_squares_wild, uniq_maurice
D:11:     layout_rooms, erik_lair_dragon, roderic_roman_lattice
Temple:   nicolae_temple_superstar
Lair:1:   layout_chaotic_city, nicolae_volcano_entry_vermiform,
          gammafunk_ghost_arena

Skill      XL: |  1  2  3  4  5  6  7  8  9 10 11 12 |
---------------+-------------------------------------+-----
Invocations    | 1 2 3 4 5 6 7 8 |  8.1
Short Blades   | 1 2 3 4 5 6 7 |  7.3
Long Blades    | 1 2 3 4 5 6 7 |  7.3
Axes           | 1 2 3 4 5 6 7 |  7.3
Maces & Flails | 1 2 3 4 5 6 7 |  7.3
Polearms       | 1 2 3 4 5 6 7 |  7.3
Staves         | 1 2 3 4 5 6 7 |  7.3
Ranged Weapons | 1 2 3 4 5 6 7 |  7.3
Throwing       | 1 2 3 4 5 6 7 |  7.3
Armour         | 1 2 3 4 5 6 7 |  7.3
Stealth        | 1 2 3 4 5 6 7 |  7.3
Shields        | 1 2 3 4 5 6 7 |  7.3
Spellcasting   | 1 2 3 4 5 6 7 |  7.3
Conjurations   | 1 2 3 4 5 6 |  6.1
Hexes          | 1 2 3 4 5 6 |  6.1
Summonings     | 1 2 3 4 5 6 |  6.1
Necromancy     | 1 2 3 4 5 6 |  6.1
Translocations | 1 2 3 4 5 6 |  6.1
Fire Magic     | 1 2 3 4 5 6 |  6.1
Ice Magic      | 1 2 3 4 5 6 |  6.1
Air Magic      | 1 2 3 4 5 6 |  6.1
Earth Magic    | 1 2 3 4 5 6 |  6.1
Alchemy        | 1 2 3 4 5 6 |  6.1
Evocations     | 1 2 3 4 5 6 7 |  7.3
Fighting       | 3 4 5 6 7 |  7.8
Dodging        | 5 6 7 8 |  8.7
Unarmed Combat | 7 8 9 |  9.9
Shapeshifting  | 7 8 9 |  9.4

Action                     |  1- 3 |  4- 6 |  7- 9 | 10-12 || total
---------------------------+-------+-------+-------+-------++-------
  Melee: Unarmed           |    78 |   152 |   549 |   541 ||  1320
         Bite              |     8 |    13 |    75 |    71 ||   167
         Punch             |       |     6 |    12 |    10 ||    28
  Throw: Dart              |       |     2 |     3 |     1 ||     6
   Cast: Fugue of the Fall |       |       |       |     1 ||     1
         Mephitic Cloud    |       |       |       |     1 ||     1
 Invoke: Potion Petition   |       |       |       |     1 ||     1
         Call Merchant     |       |       |       |     1 ||     1
  Evoke: Wand              |       |       |     1 |     4 ||     5
    Use: Potion            |       |       |     2 |     4 ||     6
         Scroll            |       |       |     6 |     5 ||    11
   Stab: Sleeping          |       |     1 |       |       ||     1
         Distracted        |       |       |     2 |     1 ||     3
 Armour: Skin              |    13 |       |   137 |   191 ||   341
         Ring mail         |    24 |    83 |    59 |       ||   166
         Plate armour      |       |       |    42 |   151 ||   193
  Dodge: Dodged            |    62 |    92 |   396 |   346 ||   896
   Form: Flux              |     3 |     1 |     2 |     5 ||    11
         Beast             |     2 |     1 |     2 |     2 ||     7
                           |     1 |       |       |       ||     1
